 Dungeon Crawl Stone Soup version 0.29.0-11-gd7f09526c8 (webtiles) character file.

Game seed: 555918135395784088

125 styxcanada the Sneak (level 4, -4/23 HPs)
             Began as a Spriggan Brigand on Sept 6, 2022.
             Killed from afar by an orc wizard (5 damage)
             ... with a magic dart
             ... on level 4 of the Dungeon.
             The game lasted 00:10:15 (3370 turns).

styxcanada the Sneak (Spriggan Brigand)             Turns: 3370, Time: 00:10:15

Health: -4/23      AC:  3    Str:  7    XL:     4   Next: 82%
Magic:  5/5        EV: 17    Int: 12    God:
Gold:   114        SH:  0    Dex: 18    Spells: 3/3 levels left

rFire   . . .      SeeInvis +   a - +3 dagger
rCold   . . .      Faith    .   (no shield)
rNeg    . . .      Spirit   .   b - +0 robe
rPois   .          Reflect  .   (helmet restricted)
rElec   .          Harm     .   c - +0 cloak
rCorr   .          Rampage  .   (gloves unavailable)
Will    .....                   (boots unavailable)
Stlth   ++++......              (no amulet)
HPRegen 0.07/turn               (no ring)
MPRegen 0.09/turn               (no ring)

@: very quick
A: very small, no large weapons, unfitting armour, see invisible, speed 3
a: no special abilities


You were on level 4 of the Dungeon.
You visited 1 branch of the dungeon, and saw 4 of its levels.

You collected 114 gold pieces.

Inventory:

Hand Weapons
 a - a +3 dagger (weapon)
Missiles
 e - 2 boomerangs
 i - 21 stones
 n - 10 poisoned darts (quivered)
 o - a curare-tipped dart
Armour
 b - a +0 robe (worn)
 c - a +0 cloak (worn)
Jewellery
 q - an amulet of guardian spirit
Scrolls
 d - 2 scrolls of identify {unknown}
 h - a scroll of teleportation
 m - 2 scrolls of enchant weapon
Potions
 f - a potion of curing
 k - a potion of berserk rage {unknown}
 l - 3 potions of heal wounds {unknown}
 p - a potion of might {unknown}


   Skills:
 * Level 2.1 Fighting
 + Level 2.7 Short Blades
 + Level 2.5 Throwing
 * Level 2.7 Dodging
 * Level 7.8 Stealth


You had 3 spell levels left.
You didn't know any spells.
Your spell library contained the following spells:

 Spells                   Type           Power      Damage    Failure   Level
 Tukima's Dance           Hex            0%         N/A       69%         3
 Passage of Golubria      Tloc           0%         N/A       97%         4
 Yara's Violent Unravell  Hex/Tmut       0%         3d3       100%        5


Dungeon Overview and Level Annotations

Branches:
Dungeon (4/15)
 Temple: D:4-7

Altars:
Ashenzari


Innate Abilities, Weirdness & Mutations

You are very small and have problems with some larger weapons.
You are too small for most types of armour.
You have supernaturally acute eyesight. (SInv)
You cover ground extremely quickly. (Speed+++)


Message History

Press: ? - help, Q - select action, (/) - cycle Shift-Dir - straight line, f/p - orc wizard
Aim: an orc wizard, wielding a +0 dagger and wearing a +0 robe (heavily wounded, slightly transparent, 56% to hit)
You throw a poisoned dart.
The poisoned dart closely misses the orc wizard.
The poisoned dart barely misses the orc.
Throw: 15 darts (poison)
Press: ? - help, Q - select action, (/) - cycle Shift-Dir - straight line, f/p - orc wizard
Aim: an orc wizard, wielding a +0 dagger and wearing a +0 robe (heavily wounded, slightly transparent, 56% to hit)
You throw a poisoned dart. The poisoned dart hits the orc wizard.
The orc wizard is poisoned.
The orc wizard is heavily wounded.
Throw: 14 darts (poison)
Press: ? - help, Q - select action, (/) - cycle Shift-Dir - straight line, f/p - orc wizard
Aim: an orc wizard, wielding a +0 dagger and wearing a +0 robe (heavily wounded, slightly transparent, poisoned, 56% to hit)
You throw a poisoned dart.
The poisoned dart closely misses the orc wizard.
The orc wizard looks more healthy.
Throw: 13 darts (poison)
Press: ? - help, Q - select action, (/) - cycle Shift-Dir - straight line, f/p - orc wizard
Aim: an orc wizard, wielding a +0 dagger and wearing a +0 robe (severely wounded, slightly transparent, poisoned, 56% to hit)
You throw a poisoned dart.
The poisoned dart closely misses the orc wizard.
Throw: 12 darts (poison)
Press: ? - help, Q - select action, (/) - cycle Shift-Dir - straight line, f/p - orc wizard
Aim: an orc wizard, wielding a +0 dagger and wearing a +0 robe (almost dead, slightly transparent, poisoned, 56% to hit)
You throw a poisoned dart.
The poisoned dart barely misses the orc wizard.
The orc wizard looks more healthy.
Throw: 11 darts (poison)
Press: ? - help, Q - select action, (/) - cycle Shift-Dir - straight line, f/p - orc wizard
Aim: an orc wizard, wielding a +0 dagger and wearing a +0 robe (almost dead, slightly transparent, 56% to hit)
You throw a poisoned dart. The poisoned dart hits the orc wizard.
The orc wizard is poisoned.
The orc wizard is almost dead.
The orc wizard gestures at you while chanting.
The puff of flame hits you.
* * * LOW HITPOINT WARNING * * *
The orc wizard points at you and mumbles some strange words.
The magic dart hits you.
You die...

# ####.## #
#....### ##......#
##.......##
#####.........#
###(.oo(........#
...#####.o...†..###
####
#..........######
#........@.......
#######..######..
#..# #..# #..# ##.#
. #.# #.# #.#


You could see an orc wizard (invisible, poisoned).

Vanquished Creatures
  An orc wizard (D:3)
  3 adders
  3 worms
  3 orcs
  4 bats
  8 endoplasms
  4 giant cockroaches
  4 hobgoblins
  4 jackals (D:2)
  5 kobolds
  5 quokkas
  2 ball pythons
  2 frilled lizards
  4 goblins
  4 rats
56 creatures vanquished.

Notes
Turn   | Place    | Note
-------+----------+-------------------------------------------
     0 | D:1      | styxcanada the Spriggan Brigand began the quest for the
                  | Orb.
     0 | D:1      | Reached XP level 1. HP: 10/10 MP: 2/2
    26 | D:1      | Reached skill level 6 in Stealth
    49 | D:1      | Found a faded altar of an unknown god.
   318 | D:1      | Reached XP level 2. HP: 15/15 MP: 3/3
  1001 | D:2      | Reached XP level 3. HP: 17/18 MP: 4/4
  1012 | D:2      | Reached skill level 7 in Stealth
  1294 | D:2      | Found a broken altar of Ashenzari.
  1776 | D:3      | Reached XP level 4. HP: 23/23 MP: 5/5
  3365 | D:4      | HP: 1/23 [orc wizard/puff of flame (3)]
  3370 | D:4      | Killed from afar by an orc wizard

Illustrated notes

Levels and vault maps discovered:
D:1:      tarquinn_simple_flora_water_e, layout_basic,
          hellmonk_ecumenical_altar_arch_garden, moated_statue
D:2:      layout_rooms, basic_altar
D:3:      layout_basic, amcnicky_mini_rare_corridor_liquid, grunt_ministairs_3
D:4:      layout_cave_pods, lemuel_crystal_altar

Skill      XL: |  1  2  3  4 |
---------------+-------------+-----
Stealth        | 6 7 |  7.8
Dodging        | 2 |  2.7
Fighting       | 2 |  2.1
Short Blades   | |  2.7
Throwing       | |  2.5

Action                   |  1- 3 |  4- 6 || total
-------------------------+-------+-------++-------
Melee: Dagger            |   101 |    56 ||   157
Throw: Dart              |    21 |    25 ||    46
       Boomerang         |       |     1 ||     1
  Use: Scroll            |       |     5 ||     5
 Stab: Sleeping          |    14 |     4 ||    18
Armor: Robe              |     1 |     7 ||     8
Dodge: Dodged            |    92 |    43 ||   135
